AoeStats
← HugoChavez

Arabia

510629700Analyzed
1v1 RM · 1d ago on Oct 1, 2026· 44m 32s· 2 players
Game mode
Random Map
Map size
Tiny (2 player)
Population
200
Speed
Normal
Resources
Standard
Victory
Conquest
Starting age
Dark Age
Ending age
Imperial Age
RankedLock teamsTeams togetherTeam positionsShared explorationLock speedFull tech treeHidden civsTurbo modeCheats
Victory
Defeat
🇩🇰 Vietnamese · Denmark
1056
+15
🇨🇱 Huns · Chile
1045
-15
HugoChavez
4:36 Loom
11:29 Feudal Age
11:35 Man-at-Arms
12:16 Loom
12:31 Double-Bit Axe
15:33 Horse Collar
20:32 Castle Age
19:06 Fletching
19:16 Padded Archer Armor
19:47 Padded Archer Armor
28:22 Pikeman
32:03 Gold Mining
32:03 Stone Mining
37:12 Scale Mail Armor
37:19 Squires
37:56 Heavy Plow
42:28 Imperial Age
vietbeo11
5:08 Loom
11:19 Feudal Age
11:49 Double-Bit Axe
16:09 Fletching
16:20 Padded Archer Armor
19:11 Horse Collar
24:28 Castle Age
23:12 Scale Barding Armor
23:50 Forging
23:50 Gold Mining
25:21 Bow Saw
25:12 Heavy Plow
25:44 Chain Barding Armor
25:51 Husbandry
31:32 Bodkin Arrow
32:40 Wheelbarrow
31:49 Elite Skirmisher
36:43 Imperial Age
37:06 Hand Cart
37:28 Leather Archer Armor
38:30 Iron Casting
39:30 Two-Man Saw
39:02 Crop Rotation
39:22 Bracer
40:23 Cavalier
40:26 Imperial Skirmisher
41:43 Plate Barding Armor
45:30 Ring Archer Armor
Connection lost

Rejoining the realm…

Still unreachable

The connection could not be restored.

Session expired

The server has moved on; the page needs a fresh start.